[Event "SWE-ch Junior 2019"]
[Site "Eskilstuna"]
[Date "2019.07.10"]
[Round "5.3"]
[White "Rasti, Arvin"]
[Black "Petersson, Baldur Teodor"]
[Result "1/2-1/2"]
[ECO "B43"]
[WhiteElo "2220"]
[BlackElo "2179"]
[Annotator "NA"]
[PlyCount "120"]
[EventDate "2019.07.06"]
[EventType "tourn"]
[EventCountry "SWE"]
[SourceTitle "playchess.com"]
[Source "ChessBase"]
[SourceQuality "1"]
[TimeControl "40/5400+30:1800+30"]

1. e4 c5 2. Nf3 e6 3. d4 cxd4 4. Nxd4 a6 5. Nc3 Qc7 6. g3 b5 7. Bg2 Bb7 8. O-O Nc6 9. Nb3 Nf6 10. f4 d6 11. Be3 Ne7 12. Nd4 d5 13. e5 Ne4 14. Bxe4 dxe4 15. Ndxb5 axb5 16. Nxb5 Qc6 17. Nd6+ Kd7 18. Nxb7+ Kc7 19. Nd6 Nd5 20. Qd4 Nxe3 21. Qxe3 Bxd6 22. exd6+ Kxd6 23. Qd4+ Ke7 24. f5 f6 25. Qb4+ Kf7 26. fxe6+ Qxe6 27. Rae1 Rhb8 28. Qc3 Qb6+ 29. Rf2 Qxb2 30. Qc7+ Kg8 31. Qc4+ Kh8 32. Qxe4 Qxa2 33. Rfe2 Qf7 34. c4 h6 35. Qd5 Qxd5 36. cxd5 Rd8 37. Rd2 Ra6 38. Kf2 Rad6 39. Red1 Re8 40. Kf3 Re5 41. Rd4 Kh7 42. R1d2 g5 43. h4 Kg6 44. hxg5 fxg5 45. g4 Kf7 46. R2d3 Ke7 47. Ra4 Rexd5 48. Rxd5 Rxd5 49. Ra6 Rd6 50. Ra7+ Kf6 51. Ra5 Rb6 52. Kg3 Rb3+ 53. Kg2 Rd3 54. Ra6+ Ke5 55. Rxh6 Kf4 56. Rf6+ Kxg4 57. Rf2 Rg3+ 58. Kh2 Rf3 59. Ra2 Re3 60. Kg2 Re4 1/2-1/2

[Event "SWE-ch Junior 2019"]
[Site "Eskilstuna"]
[Date "2019.07.10"]
[Round "5.4"]
[White "Sundin, Emanuel"]
[Black "Sorensen, Hampus"]
[Result "0-1"]
[ECO "E04"]
[WhiteElo "2134"]
[BlackElo "2352"]
[Annotator "NA"]
[PlyCount "44"]
[EventDate "2019.07.06"]
[EventType "tourn"]
[EventCountry "SWE"]
[SourceTitle "playchess.com"]
[Source "ChessBase"]
[SourceQuality "1"]
[TimeControl "40/5400+30:1800+30"]

1. d4 d5 2. c4 e6 3. Nf3 a6 4. g3 dxc4 5. Bg2 Nc6 6. a4 Nf6 7. O-O Rb8 8. Qc2 b5 9. axb5 axb5 10. e4 Be7 11. Rd1 O-O 12. Nc3 Bd7 13. Bg5 Qc8 14. e5 Nb4 15. Qb1 Nfd5 16. Bxe7 Nxe7 17. Ng5 Ng6 18. h4 h6 19. Nxf7 Kxf7 20. Bf3 Kg8 21. Qxg6 Rxf3 22. Ne4 Nd5 0-1

[Event "SWE-ch Junior 2019"]
[Site "Eskilstuna"]
[Date "2019.07.10"]
[Round "5.5"]
[White "Johnson, Daniel"]
[Black "Pantzar, Milton"]
[Result "0-1"]
[ECO "D10"]
[WhiteElo "2212"]
[BlackElo "2357"]
[Annotator "NA"]
[PlyCount "150"]
[EventDate "2019.07.06"]
[EventType "tourn"]
[EventCountry "SWE"]
[SourceTitle "playchess.com"]
[Source "ChessBase"]
[SourceQuality "1"]
[TimeControl "40/5400+30:1800+30"]

1. d4 d5 2. c4 c6 3. cxd5 cxd5 4. Bg5 Nc6 5. Nc3 Nf6 6. Bxf6 gxf6 7. e3 e6 8. Nf3 Bd7 9. Rc1 Rc8 10. Bd3 f5 11. g3 Bd6 12. O-O O-O 13. Kh1 Kh8 14. Ne2 Qe7 15. Nf4 Rg8 16. Qe2 f6 17. Rg1 Qf7 18. Nh4 Rg5 19. Nh3 Rgg8 20. Nf4 Rg4 21. Nxd5 Rxh4 22. gxh4 exd5 23. Qf3 Ne7 24. Rxc8+ Bxc8 25. h5 Qf8 26. a3 Be6 27. Qh3 Qh6 28. Rc1 Bf7 29. Be2 Be6 30. Bd3 Kg7 31. Rg1+ Kf7 32. f4 Bd7 33. Be2 a6 34. Qf1 Ba4 35. Qc1 Qf8 36. Rg3 Bb5 37. Bf3 Bd3 38. Qd2 Be4 39. Qd1 Qh6 40. Kg1 Bxf3 41. Qxf3 Ke6 42. Rg2 Qf8 43. Rc2 h6 44. h3 Qe8 45. Qe2 Qa4 46. Kg2 b5 47. Kf3 a5 48. Kg3 b4 49. axb4 Qxb4 50. Kf2 Qa4 51. Kg2 Qb3 52. Kf2 a4 53. Kg2 Qa2 54. Kf2 Qb1 55. Kg2 Qa2 56. Kf2 Qa1 57. Kg2 Qb1 58. Kh2 Qa2 59. Kg2 Qb3 60. Kh2 Qb7 61. Qg2 Qb5 62. Qe2 Qxe2+ 63. Rxe2 Nc6 64. Rg2 Na5 65. Kg3 Nc4 66. Kf3 Bb4 67. Rc2 Bd2 68. Ke2 Bxe3 69. Kd3 Bxf4 70. Re2+ Kf7 71. Rf2 Bc1 72. Rxf5 Ke6 73. Rf2 Bxb2 74. Re2+ Kf7 75. Kc2 Bxd4 0-1

[Event "SWE-ch Junior 2019"]
[Site "Eskilstuna"]
[Date "2019.07.11"]
[Round "6.1"]
[White "Carlsson, Ludvig"]
[Black "Torngren, Gustav"]
[Result "1-0"]
[ECO "B04"]
[WhiteElo "2218"]
[BlackElo "2109"]
[Annotator "NA"]
[PlyCount "89"]
[EventDate "2019.07.06"]
[EventType "tourn"]
[EventCountry "SWE"]
[SourceTitle "playchess.com"]
[Source "ChessBase"]
[SourceQuality "1"]
[TimeControl "40/5400+30:1800+30"]

1. e4 Nf6 2. e5 Nd5 3. d4 d6 4. Nf3 Nb6 5. a4 a5 6. exd6 cxd6 7. d5 Bg4 8. Bb5+ N6d7 9. O-O e5 10. dxe6 fxe6 11. h3 Bh5 12. Re1 Be7 13. Rxe6 O-O 14. Re3 Nc5 15. Nc3 Nc6 16. g4 Bg6 17. Nd5 Bh4 18. Bxc6 bxc6 19. Nxh4 Qxh4 20. Ne7+ Kh8 21. Nxg6+ hxg6 22. Qe1 d5 23. Raa3 g5 24. f3 Qh6 25. Re5 Qh7 26. Rxg5 Qxc2 27. Rc3 Qxa4 28. Rxc5 Qd4+ 29. Be3 Qxb2 30. Qc3 Qxc3 31. Rxc3 Rxf3 32. Bd4 Rf7 33. Rxc6 a4 34. Rcg6 Raa7 35. Rxd5 Kh7 36. Rgd6 Ra8 37. Rd7 Raf8 38. Rxf7 Rxf7 39. Ra5 Rf3 40. Kg2 Ra3 41. Ra7 Kh6 42. Bxg7+ Kg5 43. Bf8 Kf4 44. Bd6+ Ke4 45. Bxa3 1-0

[Event "SWE-ch Junior 2019"]
[Site "Eskilstuna"]
[Date "2019.07.11"]
[Round "6.2"]
[White "Storme, Isak"]
[Black "Rasti, Arvin"]
[Result "1-0"]
[ECO "B76"]
[WhiteElo "2330"]
[BlackElo "2220"]
[Annotator "NA"]
[PlyCount "87"]
[EventDate "2019.07.06"]
[EventType "tourn"]
[EventCountry "SWE"]
[SourceTitle "playchess.com"]
[Source "ChessBase"]
[SourceQuality "1"]
[TimeControl "40/5400+30:1800+30"]

1. e4 c5 2. Nf3 d6 3. d4 cxd4 4. Nxd4 Nf6 5. Nc3 g6 6. Be3 Bg7 7. f3 O-O 8. Qd2 Nc6 9. O-O-O d5 10. Qe1 e5 11. Nxc6 bxc6 12. exd5 Nxd5 13. Bc4 Be6 14. Ne4 h6 15. g4 Qb8 16. Bc5 Rd8 17. Qa5 Nf4 18. Ba6 Bd5 19. Rhe1 Bf8 20. Nf6+ Kg7 21. Bxf8+ Kxf8 22. Qc3 Bxa2 23. Nd7+ Rxd7 24. Rxd7 Be6 25. Qc5+ Kg8 26. Rb7 Qd8 27. Qxe5 Nd5 28. Bc4 Qa5 29. Kb1 Qa4 30. b3 Qa5 31. Bxd5 cxd5 32. Rb8+ Rxb8 33. Qxb8+ Kh7 34. Qe5 Qb4 35. Rd1 a5 36. Rd4 Qb5 37. Kb2 Qf1 38. f4 Qf2 39. h3 Qg3 40. Rd3 Qf2 41. Rc3 Qf1 42. Rc7 Qf2 43. Qxe6 Qd4+ 44. Ka2 1-0

[Event "SWE-ch Junior 2019"]
[Site "Eskilstuna"]
[Date "2019.07.11"]
[Round "6.3"]
[White "Sorensen, Hampus"]
[Black "Joensson, Jacob"]
[Result "1-0"]
[ECO "E12"]
[WhiteElo "2352"]
[BlackElo "1981"]
[Annotator "NA"]
[PlyCount "85"]
[EventDate "2019.07.06"]
[EventType "tourn"]
[EventCountry "SWE"]
[SourceTitle "playchess.com"]
[Source "ChessBase"]
[SourceQuality "1"]
[TimeControl "40/5400+30:1800+30"]

1. d4 e6 2. c4 Nf6 3. Nf3 b6 4. a3 Bb7 5. Nc3 d5 6. Bg5 Be7 7. Qa4+ Qd7 8. Qc2 O-O 9. e3 Rc8 10. Rd1 h6 11. Bf4 Bd6 12. Bg3 a6 13. Be2 Qe7 14. Bh4 Nbd7 15. O-O dxc4 16. Bxc4 b5 17. Ba2 c5 18. Bb1 Nf8 19. dxc5 Bxc5 20. Ne5 b4 21. axb4 Bxb4 22. Ng4 Rc4 23. h3 h5 24. Nxf6+ gxf6 25. Bg3 f5 26. Qe2 Rac8 27. Qxh5 Bxc3 28. bxc3 Ng6 29. Rd4 Rxc3 30. Bh4 Nxh4 31. Rxh4 Qf6 32. Rb4 Bd5 33. e4 fxe4 34. Bxe4 Bxe4 35. Rxe4 Rc1 36. Rxc1 Rxc1+ 37. Kh2 Kf8 38. Qa5 Ra1 39. Qc5+ Ke8 40. Qc6+ Ke7 41. Qc7+ Ke8 42. Rg4 Kf8 43. Qd6+ 1-0

[Event "SWE-ch Junior 2019"]
[Site "Eskilstuna"]
[Date "2019.07.11"]
[Round "6.5"]
[White "Pantzar, Milton"]
[Black "Sundin, Emanuel"]
[Result "1-0"]
[ECO "A59"]
[WhiteElo "2357"]
[BlackElo "2134"]
[Annotator "NA"]
[PlyCount "79"]
[EventDate "2019.07.06"]
[EventType "tourn"]
[EventCountry "SWE"]
[SourceTitle "playchess.com"]
[Source "ChessBase"]
[SourceQuality "1"]
[TimeControl "40/5400+30:1800+30"]

1. d4 Nf6 2. c4 c5 3. d5 b5 4. cxb5 a6 5. bxa6 g6 6. Nc3 Bxa6 7. e4 Bxf1 8. Kxf1 d6 9. Nf3 Bg7 10. g3 O-O 11. Kg2 Nbd7 12. a4 Ng4 13. Qe2 Nge5 14. Nxe5 Nxe5 15. Bd2 Qb6 16. Nb5 Rfb8 17. Bc3 Qb7 18. b3 Ra6 19. Bxe5 Bxe5 20. Rad1 Bg7 21. h4 h6 22. h5 g5 23. Rhf1 Rc8 24. Rc1 Bf6 25. Kh2 Kh8 26. f4 gxf4 27. gxf4 Bg7 28. Rg1 Raa8 29. Rg3 Rg8 30. Rcg1 Bf6 31. Rxg8+ Rxg8 32. Rxg8+ Kxg8 33. e5 dxe5 34. fxe5 Bg5 35. Qf3 Qb8 36. d6 exd6 37. Nxd6 Qc7 38. a5 f6 39. a6 fxe5 40. Qf7+ 1-0

[Event "SWE-ch Junior 2019"]
[Site "Eskilstuna"]
[Date "2019.07.13"]
[Round "8.1"]
[White "Carlsson, Ludvig"]
[Black "Sorensen, Hampus"]
[Result "1/2-1/2"]
[ECO "C85"]
[WhiteElo "2218"]
[BlackElo "2352"]
[Annotator "NA"]
[PlyCount "72"]
[EventDate "2019.07.06"]
[EventType "tourn"]
[EventCountry "SWE"]
[SourceTitle "playchess.com"]
[Source "ChessBase"]
[SourceQuality "1"]
[TimeControl "40/5400+30:1800+30"]

1. e4 e5 2. Nf3 Nc6 3. Bb5 a6 4. Ba4 Nf6 5. O-O Be7 6. Bxc6 dxc6 7. d3 Nd7 8. b3 O-O 9. Bb2 f6 10. Nbd2 Nc5 11. Nh4 Ne6 12. Nf5 Bc5 13. a4 a5 14. Kh1 g6 15. Ng3 Bd4 16. Bxd4 Qxd4 17. Ne2 Qc5 18. Nc4 Kg7 19. Qd2 Qb4 20. Qe3 Qe7 21. f4 exf4 22. Nxf4 Nxf4 23. Rxf4 Be6 24. Qd4 c5 25. Qc3 Bxc4 26. Qxc4 Rad8 27. Qc3 Qe5 28. Qxe5 fxe5 29. Rff1 Rxf1+ 30. Rxf1 Rf8 31. Rxf8 Kxf8 32. g4 g5 33. Kg2 Ke7 34. Kf3 c4 35. dxc4 c5 36. c3 b6 1/2-1/2

[Event "SWE-ch Junior 2019"]
[Site "Eskilstuna"]
[Date "2019.07.13"]
[Round "8.2"]
[White "Rasti, Arvin"]
[Black "Johnson, Daniel"]
[Result "0-1"]
[ECO "D37"]
[WhiteElo "2220"]
[BlackElo "2212"]
[Annotator "NA"]
[PlyCount "114"]
[EventDate "2019.07.06"]
[EventType "tourn"]
[EventCountry "SWE"]
[SourceTitle "playchess.com"]
[Source "ChessBase"]
[SourceQuality "1"]
[TimeControl "40/5400+30:1800+30"]

1. d4 d5 2. c4 e6 3. Nc3 Be7 4. Nf3 Nf6 5. Bf4 O-O 6. e3 b6 7. cxd5 exd5 8. Ne5 Bb7 9. Be2 c5 10. O-O Nbd7 11. Rc1 Rc8 12. Qb3 c4 13. Qc2 a6 14. Bf3 b5 15. a3 Re8 16. Rfd1 Nf8 17. Kh1 Ng6 18. Rg1 Bd6 19. Nxg6 hxg6 20. Bg5 Be7 21. Bxf6 Bxf6 22. b3 Qd7 23. bxc4 dxc4 24. d5 Be5 25. Rgd1 Qe7 26. d6 Qh4 27. Kg1 Qxh2+ 28. Kf1 Bxf3 29. gxf3 Bxd6 30. Ke2 Bxa3 31. Rh1 Qe5 32. Rb1 b4 33. Ne4 b3 34. Qd1 c3 35. Qd7 Qb5+ 36. Qxb5 axb5 37. Rxb3 c2 38. Rxa3 c1=Q 39. Rxc1 Rxc1 40. Rb3 Rb8 41. Kd2 Rf1 42. Ke2 Ra1 43. Nc3 b4 44. Nd5 Ra2+ 45. Kf1 Ra4 46. e4 f6 47. Kg2 Kf7 48. f4 Ke6 49. f3 Kd6 50. Rd3 Kc5 51. e5 fxe5 52. fxe5 b3 53. e6 b2 54. Nc3 b1=Q 55. Nxb1 Rxb1 56. e7 Re1 57. Rc3+ Kd6 0-1

[Event "SWE-ch Junior 2019"]
[Site "Eskilstuna"]
[Date "2019.07.13"]
[Round "8.3"]
[White "Pantzar, Milton"]
[Black "Torngren, Gustav"]
[Result "1-0"]
[ECO "E70"]
[WhiteElo "2357"]
[BlackElo "2109"]
[Annotator "NA"]
[PlyCount "89"]
[EventDate "2019.07.06"]
[EventType "tourn"]
[EventCountry "SWE"]
[SourceTitle "playchess.com"]
[Source "ChessBase"]
[SourceQuality "1"]
[TimeControl "40/5400+30:1800+30"]

1. d4 g6 2. c4 Bg7 3. Nc3 c5 4. d5 d6 5. e4 e6 6. Nge2 Nf6 7. Ng3 O-O 8. Be2 Na6 9. O-O Nc7 10. Bg5 h6 11. Be3 e5 12. a3 Bd7 13. b4 b6 14. Rb1 Nfe8 15. Qd2 h5 16. bxc5 bxc5 17. Rb7 h4 18. Nh1 f5 19. exf5 gxf5 20. f4 e4 21. Rfb1 Nf6 22. Nf2 Be8 23. Nh3 Nh7 24. Nd1 a5 25. Kh1 Bg6 26. R1b6 Ra6 27. Bf2 Rxb6 28. Rxb6 Ne6 29. Qxa5 Nd4 30. Bf1 Bh5 31. Ne3 Bf6 32. Qa6 Be7 33. Rb7 Re8 34. Qa7 Nf8 35. Ng5 Ng6 36. Ne6 Qc8 37. h3 Nxe6 38. dxe6 Qxe6 39. Nd5 Qf7 40. Bxh4 Nxh4 41. Rxe7 Rxe7 42. Qxe7 Qxe7 43. Nxe7+ Kf7 44. Nd5 Ke6 45. a4 {[%emt 0:00:00] Kxd5} 1-0

[Event "SWE-ch Junior 2019"]
[Site "Eskilstuna"]
[Date "2019.07.13"]
[Round "8.4"]
[White "Storme, Isak"]
[Black "Sundin, Emanuel"]
[Result "1-0"]
[ECO "B24"]
[WhiteElo "2330"]
[BlackElo "2134"]
[Annotator "NA"]
[PlyCount "37"]
[EventDate "2019.07.06"]
[EventType "tourn"]
[EventCountry "SWE"]
[SourceTitle "playchess.com"]
[Source "ChessBase"]
[SourceQuality "1"]
[TimeControl "40/5400+30:1800+30"]

1. e4 c5 2. Nc3 Nc6 3. Nge2 g6 4. g3 Bg7 5. Bg2 e6 6. d3 Nge7 7. Bg5 O-O 8. Qd2 Qa5 9. O-O b5 10. e5 Rb8 11. b4 Qxb4 12. a4 Nd4 13. Bxe7 Nxe2+ 14. Qxe2 Qxc3 15. Bxf8 Kxf8 16. axb5 Bxe5 17. Rxa7 Bd4 18. Rb1 d5 19. Rb3 1-0

[Event "SWE-ch Junior 2019"]
[Site "Eskilstuna"]
[Date "2019.07.13"]
[Round "8.5"]
[White "Petersson, Baldur Teodor"]
[Black "Joensson, Jacob"]
[Result "1-0"]
[ECO "A08"]
[WhiteElo "2179"]
[BlackElo "1981"]
[Annotator "NA"]
[PlyCount "91"]
[EventDate "2019.07.06"]
[EventType "tourn"]
[EventCountry "SWE"]
[SourceTitle "playchess.com"]
[Source "ChessBase"]
[SourceQuality "1"]
[TimeControl "40/5400+30:1800+30"]

1. e4 e6 2. d3 d5 3. Nd2 c5 4. Ngf3 Nc6 5. g3 g6 6. Bg2 Bg7 7. O-O Nge7 8. Re1 b6 9. exd5 exd5 10. d4 O-O 11. dxc5 bxc5 12. Nb3 Qb6 13. c3 Bg4 14. h3 Bxf3 15. Qxf3 Rad8 16. Qe2 Rd7 17. h4 Nf5 18. Bh3 Re7 19. Qf1 Rxe1 20. Qxe1 c4 21. Bxf5 gxf5 22. Nd2 Ne5 23. Qe2 Nd3 24. Nf3 Rb8 25. Kg2 Nxc1 26. Rxc1 Qxb2 27. Rc2 Qa1 28. Qe7 Qd1 29. Rd2 Qc1 30. Rxd5 Qxc3 31. Rxf5 Rf8 32. Qxa7 Qd3 33. Rf4 c3 34. Qc7 Qd8 35. Rxf7 Qxc7 36. Rxc7 Ra8 37. Ng5 Rxa2 38. Rc8+ Bf8 39. Ne6 Kf7 40. Nxf8 c2 41. Nxh7 Ke6 42. Ng5+ Kd5 43. h5 Kd4 44. h6 Kd3 45. h7 Ra8 46. h8=Q {[%emt 0:00:22] Kd4} 1-0

[Event "SWE-ch Junior 2019"]
[Site "Eskilstuna"]
[Date "2019.07.14"]
[Round "9.1"]
[White "Johnson, Daniel"]
[Black "Carlsson, Ludvig"]
[Result "0-1"]
[ECO "A43"]
[WhiteElo "2212"]
[BlackElo "2218"]
[Annotator "ChessBase"]
[PlyCount "80"]
[EventDate "2019.07.06"]
[EventType "tourn"]
[EventCountry "SWE"]
[SourceTitle "playchess.com"]
[Source "ChessBase"]
[SourceQuality "1"]
[TimeControl "40/5400+30:1800+30"]

1. d4 e6 2. c4 c5 3. d5 exd5 4. cxd5 d6 5. Nc3 g6 6. e4 Bg7 7. Nge2 a6 8. a4 Nd7 9. f3 Ne5 10. Ng3 f5 11. exf5 gxf5 12. Be2 Qh4 13. O-O h5 14. Qe1 Ne7 15. Nh1 Qd4+ 16. Nf2 c4 17. Bg5 Nf7 18. Rd1 Qc5 19. Bh4 Ng6 20. Kh1 Nxh4 21. Nfe4 fxe4 22. Qxh4 e3 23. f4 Bg4 24. Rde1 Kf8 25. Ne4 Qxd5 26. Ng5 Bxe2 27. Rxe2 Re8 28. Rfe1 Qf5 29. Rxe3 Rxe3 30. Rxe3 Nxg5 31. Qe1 Nh7 32. Re8+ Kf7 33. Re7+ Kg8 34. Rxb7 Nf6 35. h3 Ne4 36. Qb4 Qxf4 37. Qxc4+ Kh7 38. Qd3 Kh6 39. Qc2 Qf1+ 40. Kh2 Be5+ 0-1

[Event "SWE-ch Junior 2019"]
[Site "Eskilstuna"]
[Date "2019.07.14"]
[Round "9.2"]
[White "Sorensen, Hampus"]
[Black "Pantzar, Milton"]
[Result "1-0"]
[ECO "D15"]
[WhiteElo "2352"]
[BlackElo "2357"]
[Annotator "ChessBase"]
[PlyCount "75"]
[EventDate "2019.07.06"]
[EventType "tourn"]
[EventCountry "SWE"]
[SourceTitle "playchess.com"]
[Source "ChessBase"]
[SourceQuality "1"]
[TimeControl "40/5400+30:1800+30"]

1. d4 d5 2. c4 c6 3. Nf3 Nf6 4. Nc3 dxc4 5. e4 b5 6. Be2 b4 7. e5 bxc3 8. exf6 exf6 9. bxc3 Bd6 10. Nd2 O-O 11. Nxc4 Bc7 12. O-O Ba6 13. Ne3 Bxe2 14. Qxe2 Nd7 15. Qg4 g6 16. Rd1 Nb6 17. c4 f5 18. Qf3 f4 19. Ng4 Qg5 20. h4 Qxh4 21. Bxf4 Bxf4 22. Qxf4 Qd8 23. Rd3 f5 24. Ne5 Qf6 25. Rad1 Rad8 26. Qh6 Rfe8 27. f4 Nd7 28. Qh3 Nf8 29. Qf3 Rd6 30. d5 cxd5 31. cxd5 Nd7 32. Nc4 Ra6 33. d6 Rxa2 34. Ne5 Nxe5 35. fxe5 Qxe5 36. Re3 Qc5 37. Qd5+ Qxd5 38. Rxe8+ 1-0

[Event "SWE-ch Junior 2019"]
[Site "Eskilstuna"]
[Date "2019.07.14"]
[Round "9.3"]
[White "Sundin, Emanuel"]
[Black "Rasti, Arvin"]
[Result "0-1"]
[ECO "B78"]
[WhiteElo "2134"]
[BlackElo "2220"]
[Annotator "ChessBase"]
[PlyCount "52"]
[EventDate "2019.07.06"]
[EventType "tourn"]
[EventCountry "SWE"]
[SourceTitle "playchess.com"]
[Source "ChessBase"]
[SourceQuality "1"]
[TimeControl "40/5400+30:1800+30"]

1. e4 c5 2. Nf3 d6 3. d4 cxd4 4. Nxd4 Nf6 5. Nc3 g6 6. Be3 Bg7 7. f3 O-O 8. Qd2 Nc6 9. Bc4 Bd7 10. O-O-O Rc8 11. Bb3 Ne5 12. Kb1 a6 13. h4 h5 14. g4 hxg4 15. h5 Nxh5 16. Bh6 Rc5 17. Rdg1 Kh7 18. Bxg7 Kxg7 19. fxg4 Bxg4 20. Nf5+ Bxf5 21. Rxh5 Rh8 22. Rxf5 Rh3 23. Bxf7 Rcxc3 24. bxc3 Qb6+ 25. Bb3 Qxg1+ 26. Kb2 gxf5 0-1